Map: Tourmaline LE

Players

CheesesWins

  • Race: Protoss Protoss
  • League: Diamond
  • Spawn Location: 1:00

IIIIIIIIIII - Winner!

  • Race: Zerg Zerg
  • League: Diamond
  • Spawn Location: 7:00

VOD

Have the link to the VOD?

Description

Time

  • Played on: Jan. 29, 2026, 4:02 p.m.
  • Length: 5:40
Show
View Real Time Build Order
Export as new Build Order

CheesesWins Protoss 

Build Orders: 1 Gate Expand 

Get SALT Encoding   

  12  0:00  Probe  
  13  0:12  Probe  
  14  0:19  Pylon  
  14  0:24  Probe  
  15  0:33  Probe  
  15  0:38  Gateway  
  15  0:41  Probe  
  16  0:47  Assimilator  
  17  0:52  Probe  
  18  1:04  Probe  
  19  1:16  Probe  
  20  1:25  Cybernetics Core  
  20  1:36  Nexus  
  20  1:43  Pylon  
  20  1:45  Probe  
  21  1:51  Warp Gate  
  21  2:02  Twilight Council  
  21  2:05  Zealot  
  23  2:13  Probe  
  24  2:25  Gateway  
  24  2:30  Charge  
  24  2:32  Zealot  
  26  2:37  Gateway  
  26  2:46  Gateway  
  26  2:59  Zealot  
  26  3:03  Probe x2  
  30  3:14  Zealot  
  32  3:32  Pylon  
  32  3:40  Zealot x2  
  32  3:41  Zealot  
  38  3:49  Zealot  
  40  3:58  Probe x2  
  42  4:04  Zealot x3  
  48  4:14  Probe x2  
  50  4:19  Assimilator  
  50  4:26  Probe x2  
  50  4:38  Probe  
  43  4:47  Probe  
  43  4:48  Zealot x3  
  43  4:49  Zealot  
  52  4:55  Probe  
  52  4:59  Robotics Facility  
  54  5:00  Probe  
  44  5:07  Probe  
  44  5:12  Zealot x4  
  51  5:19  Probe  
  51  5:20  Probe  
  53  5:25  Forge  
  51  5:32  Zealot x2  
Show
View Real Time Build Order
Export as new Build Order

IIIIIIIIIII Zerg - Winner!

Build Orders: Hatch First 

Get SALT Encoding   

  12  0:00  Drone  
  13  0:13  Overlord  
  14  0:21  Drone  
  15  0:35  Drone x2  
  16  0:49  Hatchery  
  15  0:51  Drone  
  15  0:54  Drone  
  17  0:59  Drone  
  18  1:10  Extractor  
  17  1:17  Drone, Spawning Pool  
  17  1:20  Drone  
  18  1:30  Drone  
  19  1:43  Overlord  
  19  1:56  Drone  
  20  2:04  Queen x2  
  20  2:05  Zergling x4  
  26  2:13  Drone x2  
  28  2:20  Metabolic Boost  
  28  2:25  Drone x2  
  30  2:45  Hatchery  
  30  2:48  Drone x2  
  31  2:54  Overlord  
  31  2:55  Drone  
  31  2:57  Drone  
  33  3:00  Drone  
  34  3:05  Drone  
  34  3:09  Overlord  
  35  3:19  Zergling x4  
  37  3:22  Extractor  
  37  3:23  Drone, Roach Warren  
  37  3:26  Drone  
  37  3:29  Drone  
  37  3:33  Drone  
  39  3:43  Spine Crawler  
  39  3:45  Drone x2, Spine Crawler  
  39  3:50  Overlord  
  39  3:59  Spine Crawler  
  37  4:03  Roach x3  
  37  4:06  Roach x2  
  49  4:10  Roach  
  49  4:13  Roach  
  51  4:17  Roach  
  53  4:26  Roach x3  
  55  4:36  Roach x3  
  58  4:43  Roach x3  
  64  4:50  Drone  
  65  4:56  Drone  
  65  4:57  Overlord x2  
  66  5:09  Overlord x2  
  66  5:21  Drone x6  
Tags
 
Add a new tag
Caveats
  • Supply blocks, unpowered buildings, or Contaminate may cause inaccurate times.
  • Supply counts are checked every 10 seconds.